 Dungeon Crawl Stone Soup version 0.30.1-4-g462c640d31 (webtiles) character file.

Game seed: 17377825304217018744

47 kingsuperguy the Trooper (level 3, -1/31 HPs)
             Began as a Ghoul Monk on Aug 28, 2023.
             Slain by a gnoll
             ... wielding a +0 club
              (6 damage)
             ... on level 2 of the Dungeon.
             The game lasted 00:02:09 (924 turns).

kingsuperguy the Trooper (Ghoul Monk)                Turns: 924, Time: 00:02:10

Health: -1/31      AC:  2    Str: 14    XL:     3   Next: 70%
Magic:  2/2        EV: 12    Int:  5    God:
Gold:   61         SH:  0    Dex: 13    Spells: 2/2 levels left

rFire   . . .        g - +0 sling
rCold   + . .        d - orb {light}
rNeg    + + +        b - +0 robe
rPois   ∞            (no helmet)
rElec   .            (no cloak)
rCorr   .            (no gloves)
SInv    .            (no boots)
Will    .....        (no amulet)
Stlth   +            (no ring)
HPRegen 0.00/turn    (no ring)
MPRegen 0.08/turn

%: no passive effects
@: inhibited regen, glowing
A: claws 1, cold resistance 1, negative energy resistance 3, inhibited
regeneration, torment resistance 2, devour on kill
a: no special abilities


You were on level 2 of the Dungeon.
You visited 1 branch of the dungeon, and saw 2 of its levels.

You collected 61 gold pieces.

Inventory:

Hand Weapons
 a - a +0 spear
 g - a +0 sling (weapon)
Armour
 b - a +0 robe (worn)
 d - an orb of light (worn)
 f - a +0 ring mail
Jewellery
 i - a +5 ring of evasion
Scrolls
 h - a scroll of enchant armour


   Skills:
 + Level 3.5 Fighting
 + Level 3.4 Polearms
 + Level 1.1 Ranged Weapons
 + Level 3.0 Dodging


You had 2 spell levels left.
You didn't know any spells.
Your spell library was empty.

Dungeon Overview and Level Annotations

Branches:
Dungeon (2/15)

Altars:

Shops:
D:1 =![=*


Innate Abilities, Weirdness & Mutations

You are immune to poison.
You have sharp fingernails.
Your flesh is cold resistant. (rC+)
You are immune to negative energy. (rN+++)
You do not regenerate when monsters are visible.
You are immune to unholy pain and torment.
You thrive by killing the living.


Message History

The sling bullet barely misses the gnoll.
The sling bullet hits the gnoll.
The gnoll is moderately wounded.
The gnoll barely misses you.
Fire: g) +0 sling
Press: ? - help, Q - select action Shift-Dir - straight line, f/p - gnoll
Aim: a gnoll, wielding a +0 club and wearing a +0 leather armour (moderately wounded, haloed, 80% to hit)
You shoot a sling bullet. The sling bullet hits the gnoll.
You kill the gnoll!
You feel better.
Your Ranged Weapons skill increases to level 1!
Fire: g) +0 sling
Press: ? - help, Q - select action Shift-Dir - straight line, f/p - gnoll
Aim: a gnoll, wielding a +0 club and wearing a +0 leather armour (moderately wounded, haloed, 80% to hit)
You shoot a sling bullet.
The sling bullet hits the gnoll but does no damage.
The gnoll is moderately wounded.
The gnoll completely misses you. The gnoll closely misses you.
Fire: g) +0 sling
Press: ? - help, Q - select action Shift-Dir - straight line, f/p - gnoll
Aim: a gnoll, wielding a +0 club and wearing a +0 leather armour (moderately wounded, haloed, 80% to hit)
You shoot a sling bullet. The sling bullet hits the gnoll.
The gnoll is heavily wounded.
The gnoll hits you with a +0 club!
* * * LOW HITPOINT WARNING * * *
Fire: g) +0 sling
Press: ? - help, Q - select action Shift-Dir - straight line, f/p - gnoll
Aim: a gnoll, wielding a +0 club and wearing a +0 leather armour (heavily wounded, haloed, 80% to hit)
You shoot a sling bullet.
The sling bullet hits the gnoll but does no damage.
The gnoll is heavily wounded.
The gnoll hits you with a +0 club.
* * * LOW HITPOINT WARNING * * *
You aren't carrying any potions.
You aren't carrying any potions.
As you read the scroll labelled PEMNOXK TIFRIS, it crumbles to dust.
It is a scroll of identify.
h - a scroll of enchant armour The gnoll hits you with a +0 club.
You die...

............ #.##.....##.#
........... #.#....#..#.#
.....>.=.. #.#.##.#.†..#
......... #.#.##.#...##
.......g# #.#.##.#....#
........# #.#.##.#..#..
........# #.#.##.#..#..
♣.......########.#.##.#..#
.
#♣.......gg@.............#
.
♣.....#########......##.#
♣..... ###.......# ♣......
######### )...... ......!
##..... #.....


You could see 2 gnolls.

Vanquished Creatures
  A gnoll (D:2)
  A worm (D:2)
  2 dart slugs (D:1)
  2 ball pythons (D:2)
  4 bats (D:1)
  An endoplasm (D:1)
  2 giant cockroaches
  5 hobgoblins (D:1)
  2 quokkas (D:1)
  3 frilled lizards
  3 goblins
  3 rats (D:1)
29 creatures vanquished.

Notes
Turn   | Place    | Note
-------+----------+-------------------------------------------
     0 | D:1      | kingsuperguy the Ghoul Monk began the quest for the Orb.
     0 | D:1      | Reached XP level 1. HP: 19/19 MP: 0/0
     6 | D:1      | Found Pizin's Distillery.
    98 | D:1      | Reached XP level 2. HP: 22/26 MP: 1/1
   161 | D:1      | Found Xuzxuod's Jewellery Shoppe.
   356 | D:1      | Found Bofi Reset's General Store.
   424 | D:1      | Found Xaloecho's Antique Armour Shop.
   554 | D:1      | Reached XP level 3. HP: 25/31 MP: 2/2
   587 | D:1      | Found Usyp's Jewellery Emporium.
   921 | D:2      | Reached skill level 1 in Ranged Weapons
   924 | D:2      | Slain by a gnoll

Illustrated notes

Levels and vault maps discovered:
D:1:      minmay_arrival_solitary_statue, layout_loops_ring, serial_shops, shop,
          nicolae_shop_tiny_glass, nicolae_shop_stone, shop, shop
D:2:      layout_basic, dilly_ecumenical_altar_fadedgnrine,
          minmay_stone_trees_small, uniq_natasha, uniq_terence, uniq_sigmund

Skill      XL: |  1  2  3 |
---------------+----------+-----
Polearms       | 3 |  3.4
Dodging        | 3 |  3.0
Ranged Weapons | 1 |  1.1
Fighting       | |  3.5

Action                     || total
---------------------------++-------
  Melee: Spear             ||    41
         Sling             ||     1
   Fire: Sling             ||    69
    Use: Scroll            ||     1
         Potion            ||     1
 Armour: Robe              ||     8
  Dodge: Dodged            ||    43
